ITL
WABA DUCKS @ WISCONSIN TIMBER RATTLERS
08/02/2027
 
TOP OF THE 1ST
Waba Ducks batting - Pitching for Wisconsin Timber Rattlers : RHP Arthur Green
Pitching: RHP Arthur Green
Batting: LHB Javier Orozco 0-0: Swinging Strike
0-1: Ball
1-1: Fly out, F5 (Flyball, 5L)
Batting: RHB Pedro Molina 0-0: Fly out, F8 (Line Drive, 8RXD)
Batting: RHB Mario López 0-0: Fly out, F7 (Flyball, 7S)
Top of the 1st over - 0 run(s), 0 hit(s), 0 error(s), 0 left on base; Waba 0 - Wisconsin 0
BOTTOM OF THE 1ST
Wisconsin Timber Rattlers batting - Pitching for Waba Ducks : RHP Li-cong Sima
Pitching: RHP Li-cong Sima
Batting: RHB Eric Thompson 0-0: Foul Ball, location: 2F
0-1: Ball
1-1: Foul Ball, location: 2F
1-2: SINGLE (Groundball, 6) (infield hit)
Batting: RHB John Denton 0-0: Ball
1-0: Foul Ball, location: 2F
1-1: Ball
2-1: Foul Ball, location: 2F
2-2: Ball
3-2: Foul Ball, location: 2F
3-2: Strikes out looking
Batting: RHB Jesús Cabrera 0-0: Ball
1-0: Fly out, F7 (Flyball, 78M)
Batting: RHB Dick Slagboom 0-0: Ball
Eric Thompson is caught stealing 2nd base
Bottom of the 1st over - 0 run(s), 1 hit(s), 0 error(s), 0 left on base; Waba 0 - Wisconsin 0
TOP OF THE 2ND
Waba Ducks batting - Pitching for Wisconsin Timber Rattlers : RHP Arthur Green
Batting: RHB Chris Osborn 0-0: Ball
1-0: Called Strike
1-1: Foul Ball, location: 2F
1-2: Strikes out swinging
Batting: RHB Paul Spencer 0-0: Ball
1-0: Ball
2-0: Swinging Strike
2-1: Ball
3-1: Swinging Strike
3-2: Ground out 6-3 (Groundball, 6)
Batting: RHB Jeremy Flemming 0-0: Ball
1-0: SINGLE (Groundball, 6MD)
Batting: RHB Kelly Graham Pickoff Throw to First - Out!
Top of the 2nd over - 0 run(s), 1 hit(s), 0 error(s), 0 left on base; Waba 0 - Wisconsin 0
BOTTOM OF THE 2ND
Wisconsin Timber Rattlers batting - Pitching for Waba Ducks : RHP Li-cong Sima
Batting: RHB Dick Slagboom 0-0: Ball
1-0: SINGLE (Groundball, 34D)
Batting: LHB Alex Henderson 0-0: Swinging Strike
0-1: Swinging Strike
0-2: Foul Ball, location: 2F
0-2: Ball
1-2: Fly out, F4 (Line Drive, 4M)
Batting: RHB Vicente Vélez 0-0: Ball
1-0: Foul Ball, location: 2F
1-1: Foul Ball, location: 2F
1-2: Fly out, F9 (Flyball, 89S)
Batting: RHB Greg King 0-0: Fly out, F8 (Line Drive, 8RXD)
Bottom of the 2nd over - 0 run(s), 1 hit(s), 0 error(s), 1 left on base; Waba 0 - Wisconsin 0
TOP OF THE 3RD
Waba Ducks batting - Pitching for Wisconsin Timber Rattlers : RHP Arthur Green
Batting: RHB Kelly Graham 0-0: Foul Ball, location: 2F
0-1: Swinging Strike
0-2: SINGLE (Line Drive, 8RS)
Batting: RHB Ángelo García 0-0: Fielders Choice at 2nd, 1-4 (Groundball, 15S)
Batting: RHB António Valdéz 0-0: Ball
1-0: Ball
2-0: Ball
3-0: Called Strike
3-1: Base on Balls
Ángelo García to second
Batting: LHB Javier Orozco 0-0: Swinging Strike
0-1: Swinging Strike
0-2: Ball
1-2: Ball
2-2: Strikes out looking
Batting: RHB Pedro Molina 0-0: Ball
1-0: Foul Ball, location: 2F
1-1: Ball
2-1: Called Strike
2-2: Ball
3-2: Foul Ball, location: 2F
3-2: Base on Balls
Ángelo García to third
António Valdéz to second
Batting: RHB Mario López 0-0: Ball
1-0: Ball
Wild Pitch!
Ángelo García scores
António Valdéz to third
Pedro Molina to second
2-0: DOUBLE (Line Drive, 8RXD)
António Valdéz scores
Pedro Molina scores
Batting: RHB Chris Osborn 0-0: Foul Ball, location: 2F
0-1: Ball
1-1: Ground out U3 (Groundball, 3)
Top of the 3rd over - 3 run(s), 2 hit(s), 0 error(s), 1 left on base; Waba 3 - Wisconsin 0
BOTTOM OF THE 3RD
Wisconsin Timber Rattlers batting - Pitching for Waba Ducks : RHP Li-cong Sima
Batting: SHB Bob Warren 0-0: Ball
1-0: Called Strike
1-1: Foul Ball, location: 2F
1-2: Foul Ball, location: 2F
1-2: Foul Ball, location: 2F
1-2: Ball
2-2: Strikes out looking
Batting: RHB Hunter Plunket 0-0: Ball
1-0: Fly out, F8 (Flyball, 8RM)
Batting: RHB Eric Thompson 0-0: Foul Ball, location: 2F
0-1: Foul Ball, location: 2F
0-2: Ground out U3 (Groundball, 3)
Bottom of the 3rd over - 0 run(s), 0 hit(s), 0 error(s), 0 left on base; Waba 3 - Wisconsin 0
TOP OF THE 4TH
Waba Ducks batting - Pitching for Wisconsin Timber Rattlers : RHP Arthur Green
Batting: RHB Paul Spencer 0-0: Ball
1-0: Fly out, F7 (Flyball, 78M)
Batting: RHB Jeremy Flemming 0-0: Foul Ball, location: 2F
0-1: Foul Ball, location: 2F
0-2: Ground out 5-3 (Groundball, 56)
Batting: RHB Kelly Graham 0-0: Called Strike
0-1: Ball
1-1: Fly out, F7 (Flyball, 78D)
Top of the 4th over - 0 run(s), 0 hit(s), 0 error(s), 0 left on base; Waba 3 - Wisconsin 0
BOTTOM OF THE 4TH
Wisconsin Timber Rattlers batting - Pitching for Waba Ducks : RHP Li-cong Sima
Batting: RHB John Denton 0-0: Ball
1-0: Ball
2-0: Ball
3-0: Base on Balls
Batting: RHB Jesús Cabrera 0-0: Ball
1-0: Foul Ball, location: 2F
1-1: Foul Ball, location: 2F
1-2: Fly out, F4 (Line Drive, 4)
Lined into DP, 4-3 (Line Drive, 4)
Batting: RHB Dick Slagboom 0-0: Ball
1-0: Ball
2-0: Ball
3-0: Base on Balls
Batting: LHB Alex Henderson 0-0: Ball
1-0: Foul Ball, location: 2F
1-1: Called Strike
1-2: Fly out, F4 (Flyball, 34D)
Bottom of the 4th over - 0 run(s), 0 hit(s), 0 error(s), 1 left on base; Waba 3 - Wisconsin 0
TOP OF THE 5TH
Waba Ducks batting - Pitching for Wisconsin Timber Rattlers : RHP Arthur Green
Batting: RHB Ángelo García 0-0: Ball
1-0: Foul Ball, location: 2F
1-1: Ball
2-1: SINGLE (Groundball, 4MD)
Batting: RHB António Valdéz 0-0: Called Strike
0-1: Grounds into double play, 6-4-3 (Groundball, 6)
Batting: LHB Javier Orozco 0-0: Called Strike
0-1: Ball
1-1: SINGLE (Line Drive, 3)
Batting: RHB Pedro Molina 0-0: Ball
1-0: Fielders Choice at 2nd, 5-4 (Groundball, 5)
Top of the 5th over - 0 run(s), 2 hit(s), 0 error(s), 0 left on base; Waba 3 - Wisconsin 0
BOTTOM OF THE 5TH
Wisconsin Timber Rattlers batting - Pitching for Waba Ducks : RHP Li-cong Sima
Batting: RHB Vicente Vélez 0-0: Ball
1-0: Called Strike
1-1: Called Strike
1-2: Foul Ball, location: 2F
1-2: Foul Ball, location: 2F
1-2: Strikes out swinging
Batting: RHB Greg King 0-0: Called Strike
0-1: Foul Ball, location: 2F
0-2: Fly out, F7 (Flyball, 7S)
Batting: SHB Bob Warren 0-0: SINGLE (Groundball, 34D)
Batting: RHB Hunter Plunket 0-0: Ball
1-0: Swinging Strike
1-1: Swinging Strike
1-2: Foul Ball, location: 2F
1-2: Ground out 5-3 (Groundball, 56S)
Bottom of the 5th over - 0 run(s), 1 hit(s), 0 error(s), 1 left on base; Waba 3 - Wisconsin 0
TOP OF THE 6TH
Waba Ducks batting - Pitching for Wisconsin Timber Rattlers : RHP Arthur Green
Batting: RHB Mario López 0-0: Ball
1-0: SINGLE (Line Drive, 3)
Batting: RHB Chris Osborn 0-0: Ball
1-0: Ball
2-0: Ball
3-0: Fly out, F4 (Flyball, 34D)
Batting: RHB Paul Spencer 0-0: Ball
1-0: Fly out, F7 (Line Drive, 7)
Batting: RHB Jeremy Flemming 0-0: Fly out, F8 (Flyball, 8RS)
Top of the 6th over - 0 run(s), 1 hit(s), 0 error(s), 1 left on base; Waba 3 - Wisconsin 0
BOTTOM OF THE 6TH
Wisconsin Timber Rattlers batting - Pitching for Waba Ducks : RHP Li-cong Sima
Batting: RHB Eric Thompson 0-0: TRIPLE (Flyball, 7LD)
Batting: RHB John Denton 0-0: Ball
1-0: Foul Ball, location: 2F
1-1: Foul Ball, location: 2F
1-2: SINGLE (Groundball, 6MD)
Eric Thompson scores
Batting: RHB Jesús Cabrera 0-0: Ball
1-0: Ball
2-0: Ball
3-0: SINGLE (Groundball, 6D)
John Denton to second
Batting: RHB Dick Slagboom 0-0: Ball
1-0: Ball
2-0: Ball
3-0: Base on Balls
John Denton to third
Jesús Cabrera to second
Batting: LHB Alex Henderson 0-0: Called Strike
0-1: Called Strike
0-2: Strikes out looking
Batting: RHB Vicente Vélez 0-0: Ball
1-0: Called Strike
1-1: Ball
Wild Pitch!
John Denton scores
Jesús Cabrera to third
Dick Slagboom to second
2-1: Fly out, F6 (Line Drive, 6M)
Batting: RHB Greg King 0-0: Ball
1-0: Foul Ball, location: 2F
1-1: Swinging Strike
1-2: Foul Ball, location: 2F
1-2: Ball
2-2: Strikes out swinging
Bottom of the 6th over - 2 run(s), 3 hit(s), 0 error(s), 2 left on base; Waba 3 - Wisconsin 2
TOP OF THE 7TH
Waba Ducks batting - Pitching for Wisconsin Timber Rattlers : RHP Arthur Green
Batting: RHB Kelly Graham 0-0: Ball
1-0: Fly out, F7 (Flyball, 7)
Batting: RHB Ángelo García 0-0: Ball
1-0: Fly out, F3 (Line Drive, 34S)
Batting: RHB António Valdéz 0-0: Ball
1-0: SINGLE (Line Drive, 8LS)
Batting: LHB Javier Orozco 0-0: Ball
1-0: Fielders Choice at 2nd, 4-6 (Groundball, 4)
Top of the 7th over - 0 run(s), 1 hit(s), 0 error(s), 0 left on base; Waba 3 - Wisconsin 2
BOTTOM OF THE 7TH
Wisconsin Timber Rattlers batting - Pitching for Waba Ducks : RHP Li-cong Sima
Pitching: RHP Stan Stewart
Batting: SHB Bob Warren 0-0: Ball
1-0: DOUBLE (Groundball, 3L)
Pinch Hitting: RHB Danny Campbell 0-0: Swinging Strike
0-1: Ball
1-1: Ball
2-1: Foul Ball, location: 2F
2-2: Strikes out swinging
Batting: RHB Eric Thompson 0-0: Fly out, F8 (Flyball, 89S)
Batting: RHB John Denton 0-0: Ball
1-0: Called Strike
1-1: Ball
2-1: Ground out U3 (Groundball, 34)
Bottom of the 7th over - 0 run(s), 1 hit(s), 0 error(s), 1 left on base; Waba 3 - Wisconsin 2
TOP OF THE 8TH
Waba Ducks batting - Pitching for Wisconsin Timber Rattlers : RHP Arthur Green
Now in CF: Danny Campbell
Batting: RHB Pedro Molina 0-0: Ball
1-0: Foul Ball, location: 2F
1-1: Ground out 5-3 (Groundball, 56S)
Batting: RHB Mario López 0-0: Fly out, F8 (Line Drive, 8RM)
Batting: RHB Chris Osborn 0-0: Foul Ball, location: 2F
0-1: Foul Ball, location: 2F
0-2: Foul Ball, location: 2F
0-2: Ground out 3-1 (Groundball, 34)
Top of the 8th over - 0 run(s), 0 hit(s), 0 error(s), 0 left on base; Waba 3 - Wisconsin 2
BOTTOM OF THE 8TH
Wisconsin Timber Rattlers batting - Pitching for Waba Ducks : RHP Stan Stewart
Pitching: RHP Manny Benavides
Batting: RHB Jesús Cabrera 0-0: Ball
1-0: Ball
2-0: Swinging Strike
2-1: Foul Ball, location: 2F
2-2: SINGLE (Line Drive, 6D)
Batting: RHB Dick Slagboom 0-0: Ball
1-0: Called Strike
1-1: Swinging Strike
1-2: Fly out, F9 (Flyball, 9S)
Pitching: RHP Sergio Torres
Batting: LHB Alex Henderson 0-0: Ball
1-0: Foul Ball, location: 2F
1-1: Grounds into double play, 4-6-3 (Groundball, 4M)
Bottom of the 8th over - 0 run(s), 1 hit(s), 0 error(s), 0 left on base; Waba 3 - Wisconsin 2
TOP OF THE 9TH
Waba Ducks batting - Pitching for Wisconsin Timber Rattlers : RHP Arthur Green
Pitching: LHP Carlos Berru
Batting: RHB Paul Spencer 0-0: Called Strike
0-1: Ball
1-1: Ball
2-1: Fly out, F9 (Flyball, 9LM)
Batting: RHB Jeremy Flemming 0-0: Called Strike
0-1: Foul Ball, location: 2F
0-2: Foul Ball, location: 2F
0-2: Ball
1-2: Ball
2-2: Ball
3-2: Fly out, F8 (Flyball, 8RS)
Batting: RHB Kelly Graham 0-0: SOLO HOME RUN (Flyball, 78XD), Distance : 409 ft
Batting: RHB Ángelo García 0-0: Ball
1-0: Foul Ball, location: 2F
1-1: Ball
2-1: Ball
3-1: Swinging Strike
3-2: Base on Balls
Batting: RHB António Valdéz 0-0: Foul Ball, location: 2F
0-1: Ball
1-1: Ball
2-1: Foul Ball, location: 2F
2-2: SINGLE (Line Drive, 4D)
Ángelo García to second
Pinch Hitting: RHB Shaun Puckett 0-0: Ball
1-0: Ball
2-0: Foul Ball, location: 2F
2-1: Ball
3-1: Base on Balls
Ángelo García to third
António Valdéz to second
Batting: RHB Pedro Molina 0-0: Called Strike
0-1: Ball
1-1: Swinging Strike
1-2: Foul Ball, location: 2F
1-2: Strikes out swinging
Top of the 9th over - 1 run(s), 2 hit(s), 0 error(s), 3 left on base; Waba 4 - Wisconsin 2
BOTTOM OF THE 9TH
Wisconsin Timber Rattlers batting - Pitching for Waba Ducks : RHP Sergio Torres
Pitching: RHP Bartolo Romo
Now at 2B: Shaun Puckett
Batting: RHB Vicente Vélez 0-0: Swinging Strike
0-1: Ball
1-1: Ball
2-1: Foul Ball, location: 2F
2-2: Strikes out looking
Batting: RHB Greg King 0-0: Ball
1-0: Called Strike
1-1: Foul Ball, location: 2F
1-2: SINGLE (Groundball, 34D)
Batting: SHB Bob Warren 0-0: Called Strike
0-1: Foul Ball, location: 2F
0-2: Strikes out swinging
Batting: RHB Danny Campbell 0-0: Ball
1-0: SINGLE (Flyball, 89S)
Greg King to second
Batting: RHB Eric Thompson 0-0: SINGLE (Line Drive, 78S)
Greg King to third
Danny Campbell to second
Runner from 3rd tries for Home, SAFE, no throw
Batting: RHB John Denton 0-0: Swinging Strike
0-1: Foul Ball, location: 2F
0-2: Ball
1-2: Ball
2-2: Foul Ball, location: 2F
2-2: Fielders Choice at 2nd, 6-4 (Groundball, 6)
Bottom of the 9th over - 1 run(s), 3 hit(s), 0 error(s), 1 left on base; Waba 4 - Wisconsin 3
Thursday, March 30th, 2017 - OOTP Baseball 17.12 Build 75